TOP OF THE 1ST |
Randall HS Raiders batting - Pitching for John Jay HS Patriots : RHP Paul Horning
|
Pitching: RHP Paul Horning
|
|
Batting: RHB Earl Godwin
|
0-0: Ball 1-0: Ball 2-0: Called Strike 2-1: Swinging Strike 2-2: Strikes out swinging
|
Batting: RHB Jake Reeves
|
0-0: Ball 1-0: Ball 2-0: Ball 3-0: Base on Balls
|
Batting: RHB Rob Cooper
|
0-0: Swinging Strike 0-1: Ball 1-1: Ball 2-1: SINGLE (Groundball, 5D) Jake Reeves to second
|
Batting: LHB Carlos Valentín
|
0-0: Called Strike 0-1: Called Strike 0-2: Ball 1-2: Strikes out swinging
|
Batting: RHB José Carlos Santos
|
0-0: Ball 1-0: Ball 2-0: Ball 3-0: Called Strike 3-1: Fly out, F4 (Popup, 8RS)
|
Top of the 1st over - 0 run(s), 1 hit(s), 0 error(s), 2 left on base; Randall HS 0 - John Jay HS 0 |
BOTTOM OF THE 1ST |
John Jay HS Patriots batting - Pitching for Randall HS Raiders : LHP Alberto Ledezma
|
Pitching: LHP Alberto Ledezma
|
|
Batting: SHB Theodore Cook
|
0-0: Bunt missed! 0-1: Reached on error, E6 (Groundball, 6M)
|
Batting: RHB Jason Taylor
|
0-0: Ball 1-0: Ball 2-0: SINGLE (Line Drive, 56D) Theodore Cook to third Runner from 3rd tries for Home, SAFE, no throw or cutoff
|
Batting: SHB Andre Keeler
|
0-0: Ball 1-0: Called Strike 1-1: Called Strike 1-2: Foul Ball, location: 2F 1-2: Ball 2-2: SINGLE (Line Drive, 34) Jason Taylor to second
|
Batting: RHB Micheal Banks
|
0-0: Ball 1-0: Called Strike 1-1: SINGLE (Groundball, 4MD) Jason Taylor to third Andre Keeler to second Runner from 3rd tries for Home, SAFE, throw made home
|
Batting: RHB Esteban Concepción
|
0-0: Foul Ball, location: 2F 0-1: Ball 1-1: Swinging Strike 1-2: Foul Ball, location: 2F 1-2: Foul Ball, location: 2F 1-2: Ball 2-2: Foul Ball, location: 2F 2-2: Fly out, F3 (Popup, 3SF)
|
Batting: RHB Robert Porter
|
0-0: Called Strike 0-1: Ball 1-1: Called Strike 1-2: Foul Ball, location: 2F 1-2: Strikes out swinging
|
Batting: SHB Karl Webster
|
0-0: DOUBLE (Line Drive, 78M) Andre Keeler scores Micheal Banks to third Runner from 3rd tries for Home, SAFE, throw made home
|
Batting: LHB Tim Griffith
|
0-0: Ball 1-0: Swinging Strike 1-1: Hit by Pitch
|
Batting: RHB Henry Catron
|
0-0: Swinging Strike 0-1: Foul Ball, location: 2F 0-2: Ball 1-2: Ball 2-2: Foul Ball, location: 2F 2-2: Ball 3-2: Base on Balls Karl Webster to third Tim Griffith to second
|
Batting: SHB Theodore Cook
|
0-0: Called Strike 0-1: Foul Ball, location: 2F 0-2: Ball 1-2: Strikes out looking
|
Bottom of the 1st over - 4 run(s), 4 hit(s), 1 error(s), 3 left on base; Randall HS 0 - John Jay HS 4 |
TOP OF THE 2ND |
Randall HS Raiders batting - Pitching for John Jay HS Patriots : RHP Paul Horning
|
Batting: SHB Bryan Long
|
0-0: Called Strike 0-1: Swinging Strike 0-2: SINGLE (Groundball, 34D)
|
Batting: RHB Alex Miller
|
0-0: Called Strike 0-1: Ball 1-1: Fielders Choice at 2nd, 6-4 (Groundball, 6M)
|
Batting: LHB Tom Craft
|
0-0: Ball Alex Miller steals 2nd base 1-0: Ground out 3-6 (Groundball, 3S) Alex Miller to third
|
Batting: LHB Rob Witt
|
0-0: Foul Ball, location: 2F 0-1: Ground out U3 (Groundball, 3)
|
Top of the 2nd over - 0 run(s), 1 hit(s), 0 error(s), 1 left on base; Randall HS 0 - John Jay HS 4 |
BOTTOM OF THE 2ND |
John Jay HS Patriots batting - Pitching for Randall HS Raiders : LHP Alberto Ledezma
|
Batting: RHB Jason Taylor
|
0-0: Fly out, F7 (Flyball, 78M)
|
Batting: SHB Andre Keeler
|
0-0: Called Strike 0-1: Ball 1-1: Ball 2-1: Ball 3-1: SINGLE (Flyball, 89S)
|
Batting: RHB Micheal Banks
|
0-0: Ball 1-0: Called Strike 1-1: Foul Ball, location: 2F 1-2: Fly out, F5 (Popup, 5F)
|
Batting: RHB Esteban Concepción
|
0-0: Called Strike 0-1: Swinging Strike 0-2: Ball 1-2: Ball 2-2: Strikes out swinging
|
Bottom of the 2nd over - 0 run(s), 1 hit(s), 0 error(s), 1 left on base; Randall HS 0 - John Jay HS 4 |
TOP OF THE 3RD |
Randall HS Raiders batting - Pitching for John Jay HS Patriots : RHP Paul Horning
|
Batting: RHB Earl Godwin
|
0-0: Ball 1-0: Ball 2-0: Ball 3-0: Base on Balls
|
Batting: RHB Jake Reeves
|
0-0: Ball 1-0: Ball 2-0: Swinging Strike 2-1: SINGLE (Flyball, 9LS) Earl Godwin to second Runner from 2nd tries for 3rd, SAFE, throw made to third
|
Batting: RHB Rob Cooper
|
0-0: Foul Ball, location: 2F 0-1: Called Strike 0-2: DOUBLE (Line Drive, 7LS) Earl Godwin scores Jake Reeves to third
|
Batting: LHB Carlos Valentín
|
0-0: Ball 1-0: Called Strike 1-1: Fly out, F4 (Popup, 3D)
|
Batting: RHB José Carlos Santos
|
0-0: SINGLE (Line Drive, 4M) Jake Reeves scores Rob Cooper to third Runner from 3rd tries for Home, SAFE, no throw or cutoff
|
Batting: SHB Bryan Long
|
0-0: Fly out, F8 (Flyball, 8RM)
|
Batting: RHB Alex Miller
|
0-0: Called Strike 0-1: Fly out, F8 (Line Drive, 8LM)
|
Top of the 3rd over - 3 run(s), 3 hit(s), 0 error(s), 1 left on base; Randall HS 3 - John Jay HS 4 |
BOTTOM OF THE 3RD |
John Jay HS Patriots batting - Pitching for Randall HS Raiders : LHP Alberto Ledezma
|
Batting: RHB Robert Porter
|
0-0: Ball 1-0: Called Strike 1-1: Ball 2-1: Swinging Strike 2-2: Strikes out looking
|
Batting: SHB Karl Webster
|
0-0: Ball 1-0: Ball 2-0: Called Strike 2-1: Foul Ball, location: 2F 2-2: Ground out 6-3 (Groundball, 6)
|
Batting: LHB Tim Griffith
|
0-0: DOUBLE (Line Drive, 78M)
|
Batting: RHB Henry Catron
|
0-0: Called Strike 0-1: Foul Ball, location: 2F 0-2: Strikes out looking
|
Bottom of the 3rd over - 0 run(s), 1 hit(s), 0 error(s), 1 left on base; Randall HS 3 - John Jay HS 4 |
TOP OF THE 4TH |
Randall HS Raiders batting - Pitching for John Jay HS Patriots : RHP Paul Horning
|
Batting: LHB Tom Craft
|
0-0: Called Strike Single, Error in OF, E9, batter to second base
|
Batting: LHB Rob Witt
|
0-0: Ball 1-0: Ball 2-0: Called Strike 2-1: Foul Ball, location: 2F 2-2: Foul Ball, location: 2F 2-2: Ball 3-2: Ground out 6-3 (Groundball, 6M) Tom Craft to third
|
Batting: RHB Earl Godwin
|
0-0: Called Strike 0-1: Ball 1-1: Ball 2-1: Called Strike 2-2: Ball 3-2: Base on Balls
|
Batting: RHB Jake Reeves
|
0-0: Called Strike 0-1: Ball Earl Godwin steals 2nd base 1-1: Ball 2-1: Called Strike 2-2: Foul Ball, location: 2F 2-2: Foul Ball, location: 2F 2-2: 3-RUN HOME RUN (Flyball, 7D), Distance : 398 ft
|
Batting: RHB Rob Cooper
|
0-0: Called Strike 0-1: Swinging Strike 0-2: Hit by Pitch
|
Batting: LHB Carlos Valentín
|
0-0: Ball 1-0: Ball 2-0: Ball 3-0: Called Strike 3-1: SINGLE (Line Drive, 4MD) Rob Cooper to second
|
Pitching: RHP R.J. McAlduie
|
|
Batting: RHB José Carlos Santos
|
0-0: Ball 1-0: Ball 2-0: Called Strike 2-1: Ball 3-1: DOUBLE (Flyball, 89M) Rob Cooper scores Carlos Valentín to third
|
Batting: SHB Bryan Long
|
0-0: Foul Ball, location: 2F 0-1: Ball 1-1: Ball 2-1: Ball 3-1: Fly out, F7 (Flyball, 7M) Runner from 3rd tags up, SCORES, throw made
|
Batting: RHB Alex Miller
|
0-0: Called Strike 0-1: Ball 1-1: Ball 2-1: Swinging Strike 2-2: Ball 3-2: Foul Ball, location: 2F 3-2: Strikes out looking
|
Top of the 4th over - 5 run(s), 4 hit(s), 1 error(s), 1 left on base; Randall HS 8 - John Jay HS 4 |
BOTTOM OF THE 4TH |
John Jay HS Patriots batting - Pitching for Randall HS Raiders : LHP Alberto Ledezma
|
Batting: SHB Theodore Cook
|
0-0: Ball 1-0: TRIPLE (Line Drive, 5L)
|
Batting: RHB Jason Taylor
|
0-0: Called Strike 0-1: Fly out, F8 (Flyball, 8LM) Runner from 3rd tags up, SCORES, no throw
|
Batting: SHB Andre Keeler
|
0-0: Swinging Strike 0-1: Ball 1-1: Ball 2-1: Swinging Strike 2-2: DOUBLE (Line Drive, 5L)
|
Pitching: LHP Paul Pearson
|
|
Batting: RHB Micheal Banks
|
0-0: Foul Ball, location: 2F 0-1: Fly out, F6 (Line Drive, 6)
|
Batting: RHB Esteban Concepción
|
0-0: Ball 1-0: Ball 2-0: Called Strike 2-1: Called Strike 2-2: SINGLE (Flyball, 89S) Andre Keeler to third Runner from 3rd tries for Home, SAFE, no throw or cutoff
|
Batting: RHB Robert Porter
|
0-0: Ball 1-0: Called Strike 1-1: Ball 2-1: Called Strike 2-2: Ball 3-2: Ground out 1-3 (Groundball, 23)
|
Bottom of the 4th over - 2 run(s), 3 hit(s), 0 error(s), 1 left on base; Randall HS 8 - John Jay HS 6 |
TOP OF THE 5TH |
Randall HS Raiders batting - Pitching for John Jay HS Patriots : RHP R.J. McAlduie
|
Batting: LHB Tom Craft
|
0-0: Ball 1-0: Ball 2-0: Reached on error, E5 (Groundball, 56)
|
Batting: LHB Rob Witt
|
0-0: Called Strike 0-1: Foul Ball, location: 2F 0-2: Strikes out swinging
|
Batting: RHB Earl Godwin
|
0-0: Foul Ball, location: 2F 0-1: Called Strike 0-2: Strikes out swinging
|
Batting: RHB Jake Reeves
|
0-0: Ball 1-0: Foul Ball, location: 2F 1-1: Ball 2-1: Ball 3-1: SINGLE (Line Drive, 7S) Tom Craft to second
|
Batting: RHB Rob Cooper
|
0-0: SINGLE (Flyball, 78S) Tom Craft to third Jake Reeves to second Runner from 3rd tries for Home, SAFE, throw made at trailing runner, SAFE at third!
|
Batting: LHB Carlos Valentín
|
0-0: Ball 1-0: Foul Ball, location: 2F 1-1: SINGLE (Groundball, 4MD) Jake Reeves scores Rob Cooper to second
|
Batting: RHB José Carlos Santos
|
0-0: Ball 1-0: Ball 2-0: Foul Ball, location: 2F 2-1: Swinging Strike 2-2: SINGLE (Flyball, 89S) Rob Cooper to third Carlos Valentín to second Runner from 3rd tries for Home, SAFE, no throw or cutoff
|
Batting: SHB Bryan Long
|
0-0: Called Strike 0-1: Ball 1-1: Ground out 4-3 (Groundball, 4)
|
Top of the 5th over - 3 run(s), 4 hit(s), 1 error(s), 2 left on base; Randall HS 11 - John Jay HS 6 |
BOTTOM OF THE 5TH |
John Jay HS Patriots batting - Pitching for Randall HS Raiders : LHP Paul Pearson
|
Batting: SHB Karl Webster
|
0-0: Swinging Strike 0-1: Called Strike 0-2: Ball 1-2: Foul Ball, location: 2F 1-2: Foul Ball, location: 2F 1-2: Foul Ball, location: 2F 1-2: Strikes out swinging
|
Batting: LHB Tim Griffith
|
0-0: Ball 1-0: SINGLE (Groundball, 13) (infield hit)
|
Batting: RHB Henry Catron
|
0-0: Called Strike 0-1: Foul Ball, location: 2F 0-2: Strikes out swinging
|
Batting: SHB Theodore Cook
|
0-0: Reached on Error, E9 (Flyball, 9S) Tim Griffith to third
|
Batting: RHB Jason Taylor
|
0-0: Fly out, F7 (Flyball, 7LMF)
|
Bottom of the 5th over - 0 run(s), 1 hit(s), 1 error(s), 2 left on base; Randall HS 11 - John Jay HS 6 |
TOP OF THE 6TH |
Randall HS Raiders batting - Pitching for John Jay HS Patriots : RHP R.J. McAlduie
|
Batting: RHB Alex Miller
|
0-0: Ball 1-0: Ball 2-0: SINGLE (Groundball, 4MD)
|
Batting: LHB Tom Craft
|
0-0: Swinging Strike 0-1: Swinging Strike 0-2: Ball Throwing error on steal attempt, E2 Alex Miller to third 1-2: Ball Passed Ball! Alex Miller scores 2-2: Fly out, F5 (Popup, 5)
|
Pitching: RHP Evan Moore
|
|
Batting: LHB Rob Witt
|
0-0: Ball 1-0: Ball 2-0: Ball 3-0: Base on Balls
|
Batting: RHB Earl Godwin
|
0-0: Called Strike 0-1: Called Strike 0-2: Strikes out swinging
|
Batting: RHB Jake Reeves
|
0-0: Called Strike 0-1: Ball 1-1: Foul Ball, location: 2F 1-2: Ball 2-2: Foul Ball, location: 2F 2-2: Foul Ball, location: 2F 2-2: SINGLE (Line Drive, 6D) Rob Witt to second
|
Batting: RHB Rob Cooper
|
0-0: Swinging Strike 0-1: Foul Ball, location: 2F 0-2: Ball 1-2: Ball 2-2: Ball 3-2: Strikes out swinging
|
Top of the 6th over - 1 run(s), 2 hit(s), 1 error(s), 2 left on base; Randall HS 12 - John Jay HS 6 |
BOTTOM OF THE 6TH |
John Jay HS Patriots batting - Pitching for Randall HS Raiders : LHP Paul Pearson
|
Batting: SHB Andre Keeler
|
0-0: Ball 1-0: Called Strike 1-1: Ball 2-1: Foul Ball, location: 2F 2-2: DOUBLE (Flyball, 78M)
|
Batting: RHB Micheal Banks
|
0-0: Ball 1-0: Called Strike 1-1: Foul Ball, location: 2F 1-2: Fly out, F8 (Flyball, 8RM)
|
Batting: RHB Esteban Concepción
|
0-0: Ball 1-0: SINGLE (Line Drive, 7S) Andre Keeler to third Throwing error, E7 Andre Keeler scores Esteban Concepción to second
|
Batting: RHB Robert Porter
|
0-0: Foul Ball, location: 2F 0-1: Foul Ball, location: 2F 0-2: Ground out 5-3 (Groundball, 56)
|
Batting: SHB Karl Webster
|
0-0: Ball 1-0: Ground out 6-3 (Groundball, 6)
|
Bottom of the 6th over - 1 run(s), 2 hit(s), 1 error(s), 1 left on base; Randall HS 12 - John Jay HS 7 |
TOP OF THE 7TH |
Randall HS Raiders batting - Pitching for John Jay HS Patriots : RHP Evan Moore
|
Batting: LHB Carlos Valentín
|
0-0: Ball 1-0: Foul Ball, location: 2F 1-1: SINGLE (Line Drive, 9S)
|
Batting: RHB José Carlos Santos
|
0-0: Ball 1-0: Foul Ball, location: 2F 1-1: Ball 2-1: Ball 3-1: Base on Balls Carlos Valentín to second
|
Batting: SHB Bryan Long
|
0-0: Swinging Strike Passed Ball! Carlos Valentín to third José Carlos Santos to second 0-1: Ground out 4-3 (Groundball, 4) Carlos Valentín scores José Carlos Santos to third
|
Batting: RHB Alex Miller
|
0-0: Ball 1-0: Foul Ball, location: 2F 1-1: Called Strike 1-2: Ball 2-2: Foul Ball, location: 2F 2-2: Ball 3-2: Foul Ball, location: 2F 3-2: Strikes out looking
|
Batting: LHB Tom Craft
|
0-0: Ball 1-0: Ball 2-0: Ball 3-0: Base on Balls
|
Batting: LHB Rob Witt
|
0-0: DOUBLE (Line Drive, 9LM) José Carlos Santos scores Tom Craft to third Runner from 3rd tries for Home, SAFE, no throw or cutoff
|
Batting: RHB Earl Godwin
|
0-0: Ball 1-0: Foul Ball, location: 2F 1-1: Ball 2-1: Fly out, F8 (Flyball, 8LS)
|
Top of the 7th over - 3 run(s), 2 hit(s), 0 error(s), 1 left on base; Randall HS 15 - John Jay HS 7 |
BOTTOM OF THE 7TH |
John Jay HS Patriots batting - Pitching for Randall HS Raiders : LHP Paul Pearson
|
Batting: LHB Tim Griffith
|
0-0: Ball 1-0: Ball 2-0: Ball 3-0: Called Strike 3-1: Called Strike 3-2: Strikes out looking
|
Pitching: RHP Adam Miller
|
|
Batting: RHB Henry Catron
|
0-0: Ball 1-0: Ball 2-0: Ball 3-0: Called Strike 3-1: Base on Balls
|
Batting: SHB Theodore Cook
|
0-0: Called Strike 0-1: Ball 1-1: Called Strike 1-2: Strikes out swinging
|
Batting: RHB Jason Taylor
|
0-0: Called Strike 0-1: Swinging Strike 0-2: Fly out, F8 (Flyball, 89M)
|
Bottom of the 7th over - 0 run(s), 0 hit(s), 0 error(s), 1 left on base; Randall HS 15 - John Jay HS 7 |
TOP OF THE 8TH |
Randall HS Raiders batting - Pitching for John Jay HS Patriots : RHP Evan Moore
|
Batting: RHB Jake Reeves
|
0-0: Ground out 5-3 (Groundball, 5S)
|
Pitching: RHP Jeff Smith
|
|
Batting: RHB Rob Cooper
|
0-0: Called Strike 0-1: Ball 1-1: Swinging Strike 1-2: Ball 2-2: Strikes out swinging
|
Batting: LHB Carlos Valentín
|
0-0: Ball 1-0: Called Strike 1-1: Ball 2-1: Foul Ball, location: 2F 2-2: Ball 3-2: Fly out, F7 (Popup, 8LS)
|
Top of the 8th over - 0 run(s), 0 hit(s), 0 error(s), 0 left on base; Randall HS 15 - John Jay HS 7 |
BOTTOM OF THE 8TH |
John Jay HS Patriots batting - Pitching for Randall HS Raiders : RHP Adam Miller
|
Now at 3B: Paul Liddle
|
|
Batting: SHB Andre Keeler
|
Error on foul ball, E5 0-1: Ball 1-1: Ball 2-1: Ball 3-1: Foul Ball, location: 2F 3-2: Ground out 6-3 (Groundball, 6M)
|
Batting: RHB Micheal Banks
|
0-0: Ball 1-0: Ball 2-0: Swinging Strike 2-1: Swinging Strike 2-2: Ball 3-2: Fly out, F8 (Flyball, 89M)
|
Batting: RHB Esteban Concepción
|
0-0: Called Strike 0-1: Ball 1-1: Fly out, F8 (Flyball, 8LM)
|
Bottom of the 8th over - 0 run(s), 0 hit(s), 1 error(s), 0 left on base; Randall HS 15 - John Jay HS 7 |
TOP OF THE 9TH |
Randall HS Raiders batting - Pitching for John Jay HS Patriots : RHP Jeff Smith
|
Pitching: RHP Dusty Smith
|
|
Batting: RHB José Carlos Santos
|
0-0: Ball 1-0: Foul Ball, location: 2F 1-1: Foul Ball, location: 2F 1-2: Strikes out looking
|
Batting: SHB Bryan Long
|
0-0: Called Strike 0-1: Ball 1-1: Foul Ball, location: 2F 1-2: Strikes out swinging
|
Batting: RHB Alex Miller
|
0-0: Ball 1-0: Called Strike 1-1: Ball 2-1: Foul Ball, location: 2F 2-2: Reached on error, E4 (Groundball, 4MS)
|
Batting: LHB Tom Craft
|
0-0: Called Strike 0-1: Ball 1-1: Ground out 6-3 (Groundball, 6)
|
Top of the 9th over - 0 run(s), 0 hit(s), 1 error(s), 1 left on base; Randall HS 15 - John Jay HS 7 |
BOTTOM OF THE 9TH |
John Jay HS Patriots batting - Pitching for Randall HS Raiders : RHP Adam Miller
|
Batting: RHB Robert Porter
|
0-0: Ground out 5-3 (Groundball, 5)
|
Batting: SHB Karl Webster
|
0-0: Ball 1-0: Ground out 4-3 (Groundball, 4)
|
Batting: LHB Tim Griffith
|
0-0: Called Strike 0-1: Called Strike 0-2: Ground out U3 (Groundball, 3)
|
Bottom of the 9th over - 0 run(s), 0 hit(s), 0 error(s), 0 left on base; Randall HS 15 - John Jay HS 7 |
|